 Dungeon Crawl Stone Soup version 0.28.0-45-g0d030f2227 (webtiles) character file.

Game seed: 10700840933627172444

80 Naeght the Chiller (level 4, 0/30 HPs)
             Began as a Merfolk Ice Elementalist on Apr 20, 2022.
             Succumbed to an orc wizard's poison
             ... on level 2 of the Dungeon.
             The game lasted 00:09:02 (2339 turns).

Naeght the Chiller (Merfolk Ice Elementalist)       Turns: 2339, Time: 00:09:03

Health: 0/30       AC:  2    Str: 10    XL:     4   Next: 39%
Magic:  9/9        EV: 12    Int: 14    God:
Gold:   59         SH:  0    Dex: 14    Spells: 3/10 levels left

rFire   . . .      SeeInvis .   i - +1 hunting sling (freeze)
rCold   . . .      Faith    .   (no shield)
rNeg    . . .      Spirit   .   a - +0 robe
rPois   .          Reflect  .   (no helmet)
rElec   .          Harm     .   (no cloak)
rCorr   .          Rampage  .   (no gloves)
Will    .....                   (no boots)
Stlth   ++........              d - amulet of magic regeneration
HPRegen 0.10/turn               (no ring)
MPRegen 0.51/turn               (no ring)

@: lethally poisoned (0 -> -8)
A: (nimble swimmer 2), mertail
a: no special abilities


You were on level 2 of the Dungeon.
You visited 1 branch of the dungeon, and saw 3 of its levels.

You collected 59 gold pieces.

Inventory:

Hand Weapons
 c - a +0 dagger
 i - a +1 hunting sling of freezing (weapon)
Missiles
 j - 12 sling bullets (quivered ammo)
Armour
 a - a +0 robe (worn)
Jewellery
 d - an amulet of magic regeneration (around neck)
Scrolls
 g - a scroll of amnesia {unknown}
 k - a scroll of teleportation {unknown}
Potions
 b - a potion of brilliance {unknown}
 e - a potion of heal wounds {unknown}
 f - 2 potions of haste {unknown}
 h - 2 potions of curing {unknown}
 l - a potion of might {unknown}


   Skills:
 - Level 2.6 Dodging
 - Level 2.1 Stealth
 * Level 3.7 Spellcasting
 + Level 5.0 Ice Magic


You had 3 spell levels left.
You knew the following spells:

 Your Spells              Type           Power      Damage    Failure   Level
a - Freeze                Ice            64%        1d8       2%          1
b - Ozocubu's Armour      Ice            16%        N/A       8%          3
c - Frozen Ramparts       Ice            32%        1d5       8%          3

Your spell library contained the following spells:

 Spells                   Type           Power      Damage    Failure   Level
 Hailstorm                Conj/Ice       9%         3d4       56%         4


Dungeon Overview and Level Annotations

Branches:
Dungeon (3/15)

Altars:


Innate Abilities, Weirdness & Mutations

((You are very nimble when in or above water. (Stealth+, EV+, Speed+++)))
Your lower body shifts to a powerful aquatic tail in water.


Message History

The orc wizard mumbles some strange words.
The orc wizard flickers and vanishes!
Deactivating autopickup; reactivate with Ctrl-A.
You shoot a sling bullet. The sling bullet hits the orc.
The sling bullet freezes the orc.
You kill the orc!
Fire: 15 sling bullets
Press: ? - help, Q - select action, (/) - cycle Shift-Dir - straight line You shoot a sling bullet.
Fire: 14 sling bullets
Press: ? - help, Q - select action, (/) - cycle Shift-Dir - straight line You shoot a sling bullet.
An orc comes into view. It is wielding a +0 club.
Something hits you.
You are poisoned.
Fire: 13 sling bullets
Press: ? - help, Q - select action, (/) - cycle Shift-Dir - straight line, f - orc
Aim: an orc, wielding a +0 club (wandering, hasn't noticed you, 59% to hit)
You shoot a sling bullet. The orc shouts!
You feel sick.
An orc wizard comes into view. It is wielding a +0 dagger.
You hear some strange, mumbled words.
A puff of flame appears from out of thin air!
The puff of flame hits you.
You feel sick.
The orc wizard shouts!
Something hits you.
You are lethally poisoned!
You climb upwards.
Reactivating autopickup.
* * * LOW HITPOINT WARNING * * *
You feel very sick.
There is a stone staircase leading down here.
* * * LOW HITPOINT WARNING * * *
You feel very sick.
You see here a +0 dagger.
* * * LOW HITPOINT WARNING * * *
You feel sick.
You die...

#...).......#
#.#########.##### #.#
#.....# #.# #####.# #.#
#.# # #.#############.# #
#####.##............# #
#.....##.#########..#####
#.######@##..............
#.# #..#.######.####.#
#.# ##.)..# ##.####.# #.#
#..>..# #........ #.#
##..[.# ##....... #.#
#...#.# #.####.# #.#
#.....# #.# #.# #.#
#...########.# #.. #.#
##..# #......# #..


There were no monsters in sight!

Vanquished Creatures
  2 adders (D:2)
  An adder skeleton (D:2)
  A worm (D:2)
  A dart slug (D:1)
  2 orcs
  4 ball pythons
  5 endoplasms
  4 goblins
  5 hobgoblins
  4 jackals (D:2)
  5 kobolds
  3 quokkas
  2 bats (D:1)
  5 frilled lizards
  5 rats
49 creatures vanquished.

Notes
Turn   | Place    | Note
-------+----------+-------------------------------------------
     0 | D:1      | Naeght the Merfolk Ice Elementalist began the quest for the
                  | Orb.
     0 | D:1      | Reached XP level 1. HP: 13/13 MP: 3/3
   275 | D:1      | Reached XP level 2. HP: 4/19 MP: 1/5
  1132 | D:1      | Reached XP level 3. HP: 18/24 MP: 6/6
  1421 | D:2      | Reached skill level 5 in Ice Magic
  1751 | D:2      | Reached XP level 4. HP: 22/30 MP: 9/9
  2314 | D:2      | Learned a level 3 spell: Ozocubu's Armour
  2318 | D:2      | Learned a level 3 spell: Frozen Ramparts
  2339 | D:2      | Succumbed to an orc wizard's poison

Illustrated notes

Levels and vault maps discovered:
D:1:      minmay_arrival_glassed_features, layout_basic, grunt_decor_arrowhead
D:2:      layout_loops_ring, hangedman_feature_mirror
D:3:      layout_loops_ring, ebering_ecumenical_altar_mist,
          uniq_crazy_yiuf_cottage

Skill      XL: |  1  2  3 |
---------------+----------+-----
Ice Magic      | 5 |  5.0
Spellcasting   | 3 |  3.7
Dodging        | |  2.6
Stealth        | |  2.1

Action                   |  1- 3 |  4- 6 || total
-------------------------+-------+-------++-------
Melee: Unarmed           |     6 |       ||     6
       Dagger            |    26 |       ||    26
 Fire: Hunting sling     |    41 |    26 ||    67
 Cast: Freeze            |    23 |     7 ||    30
 Stab: Sleeping          |     5 |       ||     5
Armor: Robe              |     9 |     2 ||    11
Dodge: Dodged            |    39 |     3 ||    42
